 Dungeon Crawl Stone Soup version 0.32-a0-909-gc671339a80 (webtiles) character file.

Game seed: 2058724509994262799

26481 WhiterunGuard03 the Marksspriggan (level 12, -9/65 HPs)
             Began as a Spriggan Hunter on Apr 7, 2024.
             Was the Champion of Dithmenos.
             Collided with a rock wall (13 damage)
             ... after being knocked back by a wind drake
             ... on level 3 of the Lair of Beasts.
             The game lasted 00:41:11 (15722 turns).

WhiterunGuard03 the Marksspriggan (SpHu)           Turns: 15722, Time: 00:41:12

Health: -9/65      AC:  4    Str:  7    XL:     12   Next: 98%
Magic:  13/13      EV: 39    Int: 11    God:    Dithmenos [******]
Gold:   757        SH:  5    Dex: 29    Spells: 11/11 levels left

rFire   . . .        m - +0 arbalest (freeze)
rCold   . . .        (shield currently unavailable)
rNeg    . . .        c - +2 robe
rPois   .            (helmet restricted)
rElec   .            (no cloak)
rCorr   .            (gloves unavailable)
SInv    +            (boots unavailable)
Will    ++...        e - amulet of reflection
Stlth   ++++++       z - +5 ring of evasion
HPRegen 0.30/turn    d - +6 ring of dexterity
MPRegen 0.13/turn

%: reflection
@: wreathed by umbra, very quick
A: very small, no large weapons, unfitting armour, see invisible, speed 3
a: Renounce Religion, Shadow Step, Shadow Form


You were on level 3 of the Lair of Beasts.
You worshipped Dithmenos.
Dithmenos was exalted by your worship.
You visited 2 branches of the dungeon, and saw 14 of its levels.

You collected 809 gold pieces.
You spent 52 gold pieces at shops.

Inventory:

Hand Weapons
 a - a +4 shortbow
 b - a +0 longbow
 g - a +0 orcbow of chaos
 m - a +0 arbalest of freezing (weapon)
 C - the +8 flail of Xoenwukk {venom, Fly rN+ Int+3 Dex+4}
   (You took it off a deep elf pyromancer on level 8 of the Dungeon)

   Int+3:     It affects your intelligence (+3).
   Dex+4:     It affects your dexterity (+4).
   rN+:       It protects you from negative energy.
   Fly:       It grants you flight.
Missiles
 I - a throwing net
Armour
 c - a +2 robe (worn)
Jewellery
 d - a +6 ring of dexterity (right hand)
 e - an amulet of reflection (around neck)
 h - a +4 ring of protection
 p - a +4 ring of protection
 u - a ring of willpower
 y - a ring of poison resistance
 z - a +5 ring of evasion (left hand)
 B - the ring "Pesounio" {Fly Will++ Int-3}
   (You took it off a deep elf pyromancer on level 8 of the Dungeon)

   [ring of flight]

   Int-3:     It affects your intelligence (-3).
   Will++:    It greatly increases your willpower.
   Fly:       It grants you flight.
 K - a +6 ring of strength
Wands
 l - a wand of digging (11)
 w - a wand of flame (54)
 F - a wand of acid (9)
 J - a wand of roots (5)
Scrolls
 f - 3 scrolls of revelation
 i - a scroll of immolation
 j - 5 scrolls of poison
 r - 2 scrolls of vulnerability
 D - 4 scrolls of teleportation
 M - a scroll of brand weapon
Potions
 k - 2 potions of lignification {unknown}
 n - 5 potions of might
 o - 2 potions of degeneration {unknown}
 q - 6 potions of curing
 s - 2 potions of berserk rage {unknown}
 t - 2 potions of heal wounds {unknown}
 v - 3 potions of haste
 x - 3 potions of brilliance
 A - a potion of attraction {unknown}
 E - 3 potions of enlightenment {unknown}
 G - 3 potions of invisibility
 N - a potion of resistance {unknown}


   Skills:
 + Level 8.8 Fighting
 + Level 16.6 Ranged Weapons
 * Level 13.9 Dodging
 + Level 4.6 Stealth
 - Level 0.1 Shields


You had 11 spell levels left.
You didn't know any spells.
Your spell library contained the following spells:

 Spells                   Type           Power      Damage    Failure   Level
 Apportation              Tloc           0%         N/A       34%         1
 Necrotise                Necr           0%         1d4       34%         1
 Sandblast                Erth           0%         2d4       34%         1
 Cigotuvi's Dreadful Rot  Necr/Alch/Air  0%         N/A       47%         2
 Jinxbite                 Hex            0%         N/A       47%         2
 Lesser Beckoning         Tloc           0%         N/A       47%         2
 Mercury Vapours          Alch/Air       0%         N/A       47%         2
 Maxwell's Portable Pile  Tloc           0%         2d(5-13)  71%         3
 Mephitic Cloud           Conj/Alch/Air  0%         N/A       71%         3
 Passwall                 Erth           0%         N/A       71%         3
 Stone Arrow              Conj/Erth      0%         3d7       71%         3
 Teleport Other           Tloc           0%         N/A       71%         3
 Vampiric Draining        Necr           0%         2d6       71%         3
 Volatile Blastmotes      Fire/Tloc      0%         2d10      71%         3
 Brom's Barrelling Bould  Conj/Erth      0%         2d3       98%         4
 Dispel Undead            Necr           0%         3d6       98%         4
 Martyr's Knell           Necr/Summ      0%         N/A       98%         4
 Vhi's Electric Charge    Tloc/Air       0%         N/A       98%         4
 Alistair's Intoxication  Alch           0%         N/A       100%        5
 Curse of Agony           Necr           0%         N/A       100%        5
 Freezing Cloud           Conj/Ice/Air   0%         6-21      100%        5
 Bombard                  Conj/Erth      0%         9d1       100%        6


Dungeon Overview and Level Annotations

Branches:
Dungeon (10/15)            Temple (0/1) D:5            Lair (4/5) D:10
 Shoals (0/4) Lair:3        Snake (0/4) Lair:2        Slime (0/5) Lair:4
    Orc: D:9-12

Altars:
Dithmenos
Qazlal
Ru
Jiyva
Lugonu

Shops:
D:6 *   D:7 (

Annotations:
D:7 2 runed translucent doors, 2 transporters, Gandelf's ghost, novice SpCj
Lair:2 exclusion: oklob plant
Lair:4 1 runed translucent door, Oria's ghost, journeyman GnSh


Innate Abilities, Weirdness & Mutations

You are very small and have problems with some larger weapons.
You are too small for most types of armour.
You have supernaturally acute eyesight. (SInv)
You cover ground extremely quickly. (Speed+++)


Message History

You slam into the rock wall!
You shoot a bolt. The bolt hits the wind drake!!!
The bolt freezes the wind drake!
The wind drake is severely wounded.
Your shadow shoots a bolt.
The bolt completely misses the wind drake.
You shoot a bolt.
The bolt completely misses the wind drake.
Your shadow shoots a bolt.
The bolt completely misses the wind drake.
The wind drake misses you.
You shoot a bolt. The bolt is repelled.
The wind drake completely misses you.
You shoot a bolt. The bolt hits the wind drake!
The bolt freezes the wind drake.
The wind drake is almost dead.
Your shadow shoots a bolt.
The bolt completely misses the wind drake.
The wind drake exhales a fierce blast of wind!
You are knocked back by the gust of wind.
You slam into the rock wall!
The wind drake flaps its wings at you. The air twists around and strikes you!!
You are too injured to fight recklessly!
You are too injured to fight recklessly!
You shoot a bolt. The bolt is repelled.
Your shadow shoots a bolt.
The bolt is repelled.
The wind drake flaps its wings at you. The air twists around and strikes you!
* * * LOW HITPOINT WARNING * * *
You shoot a bolt.
The bolt completely misses the wind drake.
The wind drake exhales a fierce blast of wind!
You are knocked back by the gust of wind.
You slam into the rock wall!
* * * LOW HITPOINT WARNING * * *
You shoot a bolt. The bolt is repelled.
The wind drake exhales a fierce blast of wind!
You are knocked back by the gust of wind.
You slam into the rock wall!
You die...

b.÷......<...## #................
..............# #................
.###..####..>.###..P.##...#.#..#.
####÷.## #.....##...##...###....#
###.÷..###....# #...###..####...#
#.#.†.#..#....###..####..P#.....#
...†.............................
...............k.................
.#.........#..#.@.............###
.##.#............#............# #
###......####..................##
####...#####~#................P##
.###..k.~....~~..............P.##
.##...##.~~~~.#.............PP..#
.##.....~~~≈~~.#...............##
......##.~≈≈~.......... ......
......#.~~~~~~.#. ......


You could see a wind drake (repels missiles, catching breath).

Vanquished Creatures
  A hydra (Lair:3)
  2 boulder beetles (D:8)
  Nergalle (Lair:1)
  A skyshark (Lair:4)
  A deep elf pyromancer (D:8)
  2 oklob plants (Lair:2)
  A cyclops (D:8)
  A salamander (Lair:2)
  A manticore (Lair:3)
  A black mamba (shapeshifter) (D:8)
  Joseph (D:7)
  4 black mambas
  A cane toad (Lair:3)
  A rime drake (Lair:4)
  6 komodo dragons
  4 trolls
  3 polar bears
  2 hornets (D:9)
  6 blink frogs
  2 dream sheep (Lair:4)
  A slime creature (D:8)
  A spriggan (Lair:3)
  A shadow (D:8)
  22 yaks
  3 wyverns
  5 basilisks
  4 steam dragons
  3 vampire mosquitoes (D:10)
  An acid dragon (D:9)
  2 nagas (Lair:2)
  9 water moccasins
  2 black bears
  An ice beast (D:6)
  2 orc warriors (D:8)
  A tengu (Lair:4)
  27 wolves
  An ogre (D:5)
  2 centaurs
  2 kobold brigands (D:8)
  A gnoll sergeant (D:6)
  18 bullfrogs
  3 scorpions
  10 wights
  5 killer bees
  6 howler monkeys (D:8)
  4 hounds
  6 orc priests
  A bombardier beetle (D:6)
  3 gnoll boudas
  7 jellies
  5 iguanas
  2 sleepcaps
  5 orc wizards
  2 hell rats (Lair:1)
  Robin (D:3)
  21 gnolls
  4 river rats (Lair:1)
  4 adders
  2 ufetubi (D:5)
  4 ribbon worms
  2 dart slugs (D:2)
  37 orcs
  4 bats
  17 endoplasms
  6 giant cockroaches
  17 goblins
  10 hobgoblins
  11 jackals
  13 kobolds
  4 quokkas
  8 ball pythons
  6 frilled lizards
  11 rats
392 creatures vanquished.

Vanquished Creatures (others)
  A wolf (Lair:3)
1 creature vanquished.

Grand Total: 393 creatures vanquished

Notes
Turn   | Place    | Note
-------+----------+-------------------------------------------
     0 | D:1      | WhiterunGuard03 the Spriggan Hunter began the quest for the
                  | Orb.
     0 | D:1      | Reached XP level 1. HP: 10/10 MP: 2/2
    87 | D:1      | Reached XP level 2. HP: 9/15 MP: 3/3
   379 | D:1      | Reached XP level 3. HP: 18/18 MP: 4/4
   962 | D:2      | Reached skill level 5 in Ranged Weapons
  1089 | D:2      | Reached XP level 4. HP: 23/23 MP: 5/5
  2228 | D:3      | Noticed Robin
  2263 | D:3      | Killed Robin
  2269 | D:3      | Reached XP level 5. HP: 27/27 MP: 6/6
  2487 | D:3      | Found a faded altar of an unknown god.
  2558 | D:3      | You fall into a shaft and drop 2 floors!
  2558 | D:5      | Entered Level 5 of the Dungeon
  2573 | D:4      | Noticed a phantom
  3164 | D:3      | Reached skill level 6 in Ranged Weapons
  3207 | D:3      | Prayed at the altar of an unknown god.
  3207 | D:3      | Became a worshipper of Dithmenos the Shadowed
  3207 | D:3      | Reached * piety under Dithmenos
  3471 | D:4      | Reached XP level 6. HP: 32/32 MP: 7/7
  3914 | D:5      | Reached ** piety under Dithmenos
  3932 | D:5      | Reached skill level 7 in Ranged Weapons
  3949 | D:5      | Found a stormy altar of Qazlal.
  3949 | D:5      | Noticed an air elemental
  3954 | D:5      | Noticed a fire elemental
  3954 | D:5      | Noticed a water elemental
  4003 | D:5      | Reached XP level 7. HP: 34/36 MP: 8/8
  4223 | D:5      | Found a staircase to the Ecumenical Temple.
  4827 | D:6      | Reached skill level 5 in Dodging
  4923 | D:6      | Reached skill level 8 in Ranged Weapons
  4923 | D:6      | Reached XP level 8. HP: 23/42 MP: 9/9
  5203 | D:6      | Found Soick's Gadget Gallery.
  5336 | D:6      | Found a shadowy altar of Dithmenos.
  5558 | D:7      | Found Fest's Weapon Boutique.
  5562 | D:7      | Bought a +0 orcbow for 52 gold pieces
  5622 | D:7      | Found a large runed translucent door.
  5623 | D:7      | Found a large runed translucent door.
  5625 | D:7      | Noticed Gandelf's ghost (novice SpCj)
  5634 | D:7      | Noticed Joseph
  5917 | D:8      | Noticed a troll
  5984 | D:7      | Noticed a cyan ugly thing
  5985 | D:7      | Found a transporter.
  5985 | D:7      | Found a corrupted altar of Lugonu.
  5986 | D:7      | Identified the +6 war axe of Uzaur {flame, rF- Will++
                  | rCorr}
  5997 | D:7      | Reached skill level 9 in Ranged Weapons
  6103 | D:8      | Reached *** piety under Dithmenos
  6390 | D:8      | Noticed a boulder beetle
  6475 | D:8      | Noticed a slime creature
  6657 | D:8      | Reached skill level 5 in Fighting
  6663 | D:8      | Reached XP level 9. HP: 47/47 MP: 10/10
  6712 | D:8      | Identified the +8 flail of Xoenwukk {venom, Fly rN+ Int+3
                  | Dex+4}
  6712 | D:8      | Identified the ring "Pesounio" {Fly Will++ Int-3}
  6712 | D:8      | Noticed a deep elf pyromancer
  6734 | D:8      | HP: 2/47 [fire elemental[a deep elf pyromancer] (10)]
  6741 | D:8      | Killed a deep elf pyromancer
  6742 | D:8      | Reached skill level 10 in Ranged Weapons
  7039 | D:8      | Noticed a boulder beetle
  7087 | D:8      | Killed a boulder beetle
  7133 | D:8      | Reached skill level 11 in Ranged Weapons
  7510 | D:8      | Noticed a troll
  7591 | D:7      | Killed Joseph
  7683 | D:7      | Reached XP level 10. HP: 44/53 MP: 11/11
  8080 | D:7      | Reached **** piety under Dithmenos
  8189 | D:7      | Identified the staff of Luug {Fly rElec rPois Int-4 Tloc
                  | Alchemy}
  8301 | D:7      | Found a transporter.
  8304 | D:7      | Noticed a purple ugly thing
  8305 | D:7      | Noticed a brown ugly thing
  8614 | D:8      | a black bear changed into a black mamba
  8614 | D:8      | Noticed a black mamba (shapeshifter)
  8628 | D:8      | Killed a black mamba
  8659 | D:8      | Killed a boulder beetle
  8660 | D:8      | Reached skill level 12 in Ranged Weapons
  8813 | D:8      | Reached skill level 10 in Dodging
  8897 | D:8      | Identified the staff of the Open Hand {rF+ Will- rCorr
                  | Int+4 Conj}
  8967 | D:8      | Noticed a cyclops
  8971 | D:8      | Killed a cyclops
  9305 | D:9      | Reached skill level 13 in Ranged Weapons
  9508 | D:9      | Reached XP level 11. HP: 58/58 MP: 12/12
  9626 | D:9      | Reached ***** piety under Dithmenos
 10252 | D:10     | Entered Level 10 of the Dungeon
 10445 | D:10     | Found a staircase to the Lair.
 10479 | D:10     | Found a sacrificial altar of Ru.
 11218 | Lair:1   | Entered Level 1 of the Lair of Beasts
 11519 | Lair:1   | Reached skill level 14 in Ranged Weapons
 11598 | Lair:1   | Noticed Nergalle
 11631 | Lair:1   | Killed Nergalle
 12407 | Lair:2   | Found a staircase to the Snake Pit.
 12609 | Lair:2   | Reached XP level 12. HP: 49/64 MP: 13/13
 12632 | Lair:2   | Reached skill level 15 in Ranged Weapons
 13407 | Lair:3   | Found a staircase to the Shoals.
 13893 | Lair:3   | Noticed a four-headed hydra
 13920 | Lair:3   | Killed a four-headed hydra
 14536 | Lair:3   | Reached skill level 16 in Ranged Weapons
 15129 | Lair:4   | Found a staircase to the Slime Pits.
 15129 | Lair:4   | Found a viscous altar of Jiyva.
 15231 | Lair:4   | Reached ****** piety under Dithmenos
 15430 | Lair:4   | Found a runed translucent door.
 15432 | Lair:4   | Noticed Oria's ghost (journeyman GnSh)
 15722 | Lair:3   | Collided with a rock wall

Illustrated notes

Levels and vault maps discovered:
D:1:      minmay_arrival_diagonal_passages, layout_loops_ring,
          minmay_small_reverse_x
D:2:      layout_loops_ring, serial_aquarium, aquarium_bridge_square
          [aquarium_subvault_bridge, aquarium_subvault_bridge,
          aquarium_subvault_bridge, aquarium_subvault_bridge],
          aquarium_window_fake, aquarium_window_1, aquarium_window_fake,
          aquarium_view_2b, aquarium_view_2e, palyth_stone_intersect
D:3:      layout_loops_cross, shapermc_ecumenical_altar_pompeii,
          due_unseen_surprise, uniq_robin
D:4:      layout_loops_ring
D:5:      layout_rooms, nicolae_qazlal_style_of_elements,
          minmay_temple_entry_statues_fountains, serial_glass, glass_columns_b,
          glass_columns_a, cheibrodos_sewer_entry_drain
D:6:      layout_cave_pods, nicolae_dithmenos_the_darkroom,
          kennysheep_nondescript, nicolae_concentric_dashed_squares_wild,
          nicolae_shop_gadgets
D:7:      gammafunk_corrupted_shrine, layout_loops_cross, serial_shops,
          nicolae_shop_back_alley_shop, ebering_ghost_disaster_area, uniq_joseph
D:8:      minmay_the_grid_square_5x5_3x3 [minmay_the_grid_square_5x5_shrine2,
          minmay_the_grid_square_5x5_pentomino_r,
          minmay_the_grid_square_5x5_sharp_hourglass,
          minmay_the_grid_square_5x5_checkered,
          minmay_the_grid_square_5x5_megaprize_open,
          minmay_the_grid_square_5x5_trominoes, minmay_the_grid_square_5x5_bite,
          minmay_the_grid_square_5x5_checkered_sparse,
          minmay_the_grid_square_5x5_seven], layout_basic,
          lightli_bailey_entry_fortress
D:9:      layout_basic
D:10:     layout_loops_ring, nicolae_ru_sacrificial_ziggurat, lair_entry_dummy,
          kennysheep_generic_room_5
Lair:1:   layout_chaotic_city, portal_ice_cave_demonic_guard, st_stairs_7,
          kennysheep_abandoned_house, uniq_nergalle
Lair:2:   minmay_lair_oklob_tunnel, layout_regular_city,
          alex1729_snake_entry_snake, minmay_holes
Lair:3:   layout_small_grid, minmay_shoals_entry_beasts, nicolae_lair_lil_pond,
          grunt_forest_stairs_clearing
Lair:4:   layout_big_grid, nicolae_slime_entry_slimehenge,
          ebering_ghost_inner_flame

Skill      XL: |  1  2  3  4  5  6  7  8  9 10 11 12 |
---------------+-------------------------------------+-----
Fighting       | 2 3 4 5 6 7 8 |  8.8
Dodging        | 3 4 5 7 9 10 12 13 | 13.9
Ranged Weapons | 5 6 7 8 9 11 13 14 16 | 16.6
Stealth        | 2 3 4 |  4.6
Shields        | |  0.1

Action                     |  1- 3 |  4- 6 |  7- 9 | 10-12 || total
---------------------------+-------+-------+-------+-------++-------
   Fire: Shortbow          |    99 |   268 |   139 |       ||   506
         Orcbow            |       |       |   314 |   957 ||  1271
         Arbalest          |       |       |       |    23 ||    23
    Use: Scroll            |       |     4 |    12 |    17 ||    33
 Armour: Robe              |    21 |    47 |    84 |    79 ||   231
  Dodge: Dodged            |    70 |   149 |   408 |   457 ||  1084
  Block: Other             |       |       |    24 |    77 ||   101
         Reflection        |       |       |     1 |     7 ||     8

Table legend: (Time is in decaauts)
 A = Elapsed time spent in this place.
 B = Non-inter-level travel time spent in this place.
 C = Inter-level travel time spent in this place.
 D = Time resting spent in this place.
 E = Time spent auto-exploring this place.
 F = Levels seen in this place.
 G = Mean time per level.
                   A        B        C        D        E       F      G
               +--------+--------+--------+--------+--------+-----+--------+
         Total |  11752 |  11277 |    475 |   3398 |   4056 |  14 |  839.4 |
       Dungeon |   8240 |   7796 |    444 |   1845 |   3445 |  10 |  824.0 |
          Lair |   3511 |   3480 |     31 |   1553 |    611 |   4 |  877.8 |
               +--------+--------+--------+--------+--------+-----+--------+

Top non-repeatable levels by time:
     D:8: 2184 daAuts
  Lair:2: 1328 daAuts
  Lair:3: 1059 daAuts
     D:7: 905 daAuts
     D:2: 724 daAuts
     D:5: 715 daAuts
     D:3: 710 daAuts
  Lair:1: 706 daAuts
     D:9: 683 daAuts
     D:6: 682 daAuts
    D:10: 631 daAuts
     D:1: 549 daAuts
     D:4: 454 daAuts
  Lair:4: 418 daAuts
